 Dungeon Crawl Stone Soup version 0.30-b1-2-g02819fbbbe (webtiles) character file.

Game seed: 1829203782756023480

708918 ketsa the Impregnable (level 27, -13/252 HPs)
             Began as an Armataur Fighter on May 13, 2023.
             Was the Champion of the Shining One.
             Killed from afar by a purple draconian (24 damage)
             ... with a bolt of dispelling energy
             ... led by a purple draconian shifter
             ... on level 5 of the Realm of Zot.
             The game lasted 08:32:36 (116197 turns).

ketsa the Impregnable (Armataur Fighter)          Turns: 116197, Time: 08:32:37

Health: -13/252    AC: 36    Str: 32    XL:     27
Magic:  17/31      EV:  9    Int:  6    God:    the Shining One [******]
Gold:   6460       SH: 17    Dex:  8    Spells: 32/32 levels left

rFire   + + .        a - +9 flail (elec)
rCold   + . .        C - +5 Storm Queen's Shield {shock, Fly rElec}
rNeg    + + +        O - +11 plate armour of Qorif {rPois}
rPois   +            (helmet restricted)
rElec   +            p - scarf {rC+ rF+}
rCorr   +            R - +2 pair of gloves {Stlth+}
SInv    .            (no barding)
Will    +++..        U - amulet of regeneration
Stlth   +            V - ring of resist corrosion
HPRegen 1.42/turn    y - ring of protection from fire
MPRegen 0.22/turn

%: roll
@: flying, slowed, glowing, studying 2 skills, very slow
A: large, rugged brown scales 3, deformed body, armoured tail, roll, long
tongue, awkward tongue, horns 1, talons 1, clumsy 2, deterioration 1, dopey 2,
frail 1, low MP 2, strong-willed 1, screaming 1, shaggy fur 1, inability to
drink after injury 1, MP-powered wands
}: 4/15 runes: decaying, silver, demonic, gossamer
a: Renounce Religion, Divine Shield, Cleansing Flame, Summon Divine Warrior


You were on level 5 of the Realm of Zot.
You worshipped the Shining One.
The Shining One was exalted by your worship.
You visited 13 branches of the dungeon, and saw 57 of its levels.
You visited Pandemonium 1 time, and saw 11 of its levels.
You visited 1 bazaar.
You also visited: Bailey and Volcano.

You collected 9526 gold pieces.
You spent 3066 gold pieces at shops.

Inventory:

Hand Weapons
 a - a +9 flail of electrocution (weapon)
 v - a +9 sacred scourge of holy wrath
 D - the +9 morningstar of the Teaching Oracle {protect, rF+}
   (You took it off an ironbound thunderhulk on level 2 of the Vaults)

   rF:        It protects you from fire.
Missiles
 j - 3 silver javelins
 r - 51 poisoned darts
 B - 4 throwing nets
 K - 10 curare-tipped darts
Armour
 h - a scarf of repulsion
 p - a scarf of resistance (worn)
 C - the +5 Storm Queen's Shield (worn) {shock, Fly rElec}
   (You took it off Donald on level 1 of the Orcish Mines)

   Shock:     When it blocks an attack, it may electrocute the attacker.
   This works even against foes who are a short distance away.
   rElec:     It insulates you from electricity.
   Fly:       It grants you flight.
 N - the +2 scale mail "Kulomica" {Regen+}
   (You found it on level 4 of the Lair of Beasts)

   Regen:     It increases your rate of health regeneration.
 O - the +11 plate armour of Qorif (worn) {rPois}
   (You bought it in a shop on level 2 of the Orcish Mines)

   rPois:     It protects you from poison.
 P - the +2 helmet "Funubb" {rElec}
   (You bought it in a shop on level 2 of the Orcish Mines)

   rElec:     It insulates you from electricity.
 R - a +2 pair of gloves of stealth (worn)
Jewellery
 g - a +6 ring of dexterity
 i - a ring of willpower
 t - the ring "Ycoyham" {rElec rF- rN+ rCorr}
   (You found it on level 3 of the Crypt)

   [ring of positive energy]

   rF:        It makes you vulnerable to fire.
   rElec:     It insulates you from electricity.
   rN:        It protects you from negative energy.
   rCorr:     It protects you from acid and corrosion.
 y - a ring of protection from fire (right hand)
 z - a ring of protection from cold
 H - the ring "Ijeixai" {+Blink rPois rN+ Str-2 Stlth+}
   (You found it on level 3 of the Crypt)

   [ring of positive energy]

   Str:       It affects your strength (-2).
   rPois:     It protects you from poison.
   rN:        It protects you from negative energy.
   +Blink:    It lets you blink.
   Stlth:     It makes you more stealthy.
 M - an amulet of reflection
 S - a +5 ring of evasion
 U - an amulet of regeneration (around neck)
 V - a ring of resist corrosion (left hand)
 Z - a ring of protection from cold
Wands
 b - a wand of flame (50) (quivered)
 c - a wand of digging (1)
 s - a wand of iceblast (74)
 u - a wand of mindburst (32)
 A - a wand of acid (8)
 F - a wand of charming (57)
 Y - a wand of polymorph (30)
Scrolls
 e - 18 scrolls of immolation
 k - 14 scrolls of poison
 m - 2 scrolls of teleportation
 q - a scroll of amnesia
 J - a scroll of fog
 Q - 7 scrolls of enchant armour
Potions
 d - 11 potions of mutation
 l - 14 potions of curing
 n - 11 potions of ambrosia
 o - 2 potions of flight
 w - 2 potions of might
 x - 2 potions of berserk rage
 E - 4 potions of cancellation
 I - 9 potions of lignification
 W - 4 potions of haste
Miscellaneous
 f - a phantom mirror
 L - a lightning rod (4/4)
 T - a phial of floods (inert)


   Skills:
 + Level 23.9 Fighting
 + Level 21.5 Maces & Flails
 - Level 9.5 Throwing
 - Level 26.3 Armour
 - Level 10.0 Dodging
 - Level 15.0 Stealth
 - Level 15.0 Shields
 - Level 3.2 Spellcasting
 - Level 3.6 Air Magic
 * Level 24.7 Invocations
 - Level 12.3 Evocations


You had 32 spell levels left.
You didn't know any spells.
Your spell library contained the following spells:

 Spells                   Type           Power      Damage    Failure   Level
 Shock                    Conj/Air       12%        1d3       54%         1
 Static Discharge         Conj/Air       6%         2-3/arc   67%         2
 Swiftness                Air            5%         N/A       67%         3
 Cigotuvi's Dreadful Rot  Necr/Pois/Air  4%         N/A       77%         2
 Magic Dart               Conj           0%         1d3       80%         1
 Necrotise                Necr           0%         1d4       80%         1
 Slow                     Hex            0%         N/A       80%         1
 Sting                    Tmut/Pois      0%         1d3       80%         1
 Vhi's Electric Charge    Tloc/Air       6%         N/A       88%         3
 Blink                    Tloc           0%         N/A       90%         2
 Ensorcelled Hibernation  Hex/Ice        0%         N/A       90%         2
 Lesser Beckoning         Tloc           0%         N/A       90%         2
 Momentum Strike          Conj/Tloc      0%         3d8       90%         2
 Searing Ray              Conj           0%         2d4       90%         2
 Sublimation of Blood     Necr           0%         N/A       90%         2
 Wereblood                Tmut           0%         N/A       90%         2
 Airstrike                Air            2%         2d(1-17)  97%         4
 Call Canine Familiar     Summ           0%         N/A       99%         3
 Confusing Touch          Hex            0%         N/A       99%         3
 Dazzling Flash           Conj/Hex       0%         N/A       99%         3
 Frozen Ramparts          Ice            0%         1d1       99%         3
 Hailstorm                Conj/Ice       0%         3d3       99%         3
 Ignite Poison            Fire/Tmut/Pois 0%         N/A       99%         3
 Inner Flame              Hex/Fire       0%         N/A       99%         3
 Ozocubu's Armour         Ice            0%         N/A       99%         3
 Portal Projectile        Hex/Tloc       0%         N/A       99%         3
 Spider Form              Tmut/Pois      0%         N/A       99%         3
 Stone Arrow              Conj/Erth      0%         3d7       99%         3
 Tukima's Dance           Hex            0%         N/A       99%         3
 Vampiric Draining        Necr           0%         2d6       99%         3
 Volatile Blastmotes      Fire/Tloc      0%         2d10      99%         3
 Summon Lightning Spire   Summ/Air       3%         N/A       99%         4
 Anguish                  Hex/Necr       0%         N/A       100%        4
 Animate Armour           Summ/Erth      0%         N/A       100%        4
 Cause Fear               Hex            0%         N/A       100%        4
 Fulminant Prism          Conj/Hex       0%         3d5       100%        4
 Iskenderun's Mystic Bla  Conj/Tloc      0%         2d3       100%        4
 Leda's Liquefaction      Hex/Erth       0%         N/A       100%        4
 Manifold Assault         Tloc           0%         N/A       100%        4
 Olgreb's Toxic Radiance  Pois           0%         N/A       100%        4
 Passage of Golubria      Tloc           0%         N/A       100%        4
 Petrify                  Tmut/Erth      0%         N/A       100%        4
 Summon Ice Beast         Ice/Summ       0%         N/A       100%        4
 Agony                    Necr           0%         N/A       100%        5
 Alistair's Intoxication  Tmut/Pois      0%         N/A       100%        5
 Arcjolt                  Conj/Air       1%         1d11      100%        5
 Blade Hands              Tmut           0%         N/A       100%        5
 Borgnjor's Vile Clutch   Necr/Erth      0%         N/A       100%        5
 Irradiate                Conj/Tmut      0%         3d11      100%        5
 Iskenderun's Battlesphe  Conj           0%         2d6       100%        5
 Lee's Rapid Deconstruct  Erth           0%         3d4*      100%        5
 Metabolic Englaciation   Hex/Ice        0%         N/A       100%        5
 Summon Mana Viper        Hex/Summ       0%         N/A       100%        5
 Yara's Violent Unravell  Hex/Tmut       0%         3d3       100%        5
 Eringya's Noxious Bog    Tmut/Pois      0%         N/A       100%        6
 Iron Shot                Conj/Erth      0%         9d1       100%        6
 Plasma Beam              Fire/Air       1%         2x1d12    100%        6
 Simulacrum               Ice/Necr       0%         N/A       100%        6
 Starburst                Conj/Fire      0%         6d3       100%        6
 Dragon Form              Tmut           0%         N/A       100%        7
 Enfeeble                 Hex            0%         N/A       100%        7
 Haunt                    Necr/Summ      0%         N/A       100%        7
 Monstrous Menagerie      Summ           0%         N/A       100%        7
 Ozocubu's Refrigeration  Ice            0%         4d7       100%        7
 Spellforged Servitor     Conj/Summ      0%         N/A       100%        7
 Storm Form               Tmut/Air       1%         N/A       100%        7
 Summon Hydra             Summ           0%         N/A       100%        7
 Borgnjor's Revivificati  Necr           0%         N/A       100%        8
 Discord                  Hex            0%         N/A       100%        8
 Ignition                 Fire           0%         3d3       100%        8
 Lehudib's Crystal Spear  Conj/Erth      0%         10d2      100%        8
 Maxwell's Capacitive Co  Air            2%         ∞         100%        8
 Necromutation            Tmut/Necr      0%         N/A       100%        8
 Dragon's Call            Summ           0%         N/A       100%        9
 Polar Vortex             Ice            0%         N/A       100%        9


Dungeon Overview and Level Annotations

Branches:
Dungeon (15/15)            Temple (1/1) D:7            Lair (5/5) D:10
  Swamp (4/4) Lair:2       Spider (4/4) Lair:3        Slime (5/5) Lair:5
    Orc (2/2) D:9             Elf (3/3) Orc:2        Vaults (5/5) D:14
  Crypt (3/3) Vaults:2       Tomb (1/3) Crypt:3      Depths (4/4) D:15
    Zot (5/5) Depths:4     Bailey (visited)         Volcano (visited)

Altars:
Ashenzari
Cheibriados
Dithmenos
Elyvilon
Fedhas
Gozag
Hepliaklqana
Kikubaaqudgha
Makhleb
Nemelex Xobeh
Okawaru
Qazlal
Ru
Sif Muna
Trog
Uskayaw
Vehumet
Wu Jian
Xom
Yredelemnul
Zin
The Shining One
Jiyva

Shops:
D:1 :=   D:6 !   D:7 =   D:15 =   Orc:2 =*([   Elf:1 [   Vaults:1 [
Vaults:2 !   Vaults:3 ?   Vaults:4 [   Depths:2 *   Depths:3 =***

Portals:
Hell: Depths:1 Depths:2 Depths:3 Depths:4
Abyss: Depths:2 Depths:3 Depths:4
Pandemonium: Depths:2
Ziggurat: Depths:1

Annotations:
D:12 exclusion: downstairs
D:14 exclusion: downstairs
D:15 6 transporters
Spider:1 exclusion: downstairs
Slime:3 1 exclusion
Slime:5 Royal Jelly
Elf:2 3 runed translucent doors
Elf:3 1 exclusion
Crypt:1 exclusion: downstairs
Depths:1 exclusions: downstairs, shining eye and 1 more exclusion
Depths:3 exclusion: orange crystal statue
Zot:2 1 transporter
Zot:4 exclusion: downstairs
Zot:5 2 exclusions


Innate Abilities, Weirdness & Mutations

You are completely covered in rugged brown scales. (AC +3, +7% HP)
Armour fits poorly on your strangely shaped body.
You have a long armoured tail.
You roll when moving toward enemies. (Rampage)
Your long tongue fully drains potion bottles. (2x potion effects)
Your tongue gives you trouble enunciating. (1.5x scroll delay)
You have a pair of small horns on your head.
You have sharp toenails.
You are very clumsy. (Dex -4)
Your body sometimes deteriorates upon taking damage.
You are very dopey. (Int -4)
You are frail. (-10% HP)
Your magical capacity is very low. (-20% MP)
You are strong-willed. (Will+)
You occasionally shout uncontrollably at your foes.
You are covered in fur. (AC +1)
You occasionally lose the ability to drink potions when taking damage.
You expend magic power (3 MP) to strengthen your wands.


Message History

The Orb Guardian hits you.
* * * LOW HITPOINT WARNING * * *
The Orb Guardian hits you.
* * * LOW HITPOINT WARNING * * *
The Orb Guardian completely misses you. You block the Orb Guardian's attack.
The Orb Guardian hits you but does no damage.
The Orb Guardian hits you!!
* * * LOW HITPOINT WARNING * * *
The Orb Guardian barely misses you.
The Orb Guardian hits you but does no damage.
Really fly into that permanent teleport trap?
The Orb Guardian attacks as you move away!
The Orb Guardian hits you but does no damage.
You enter a permanent teleport trap!
Your surroundings suddenly seem different.
The orb of fire enters a dispersal trap!
The Orb Guardian blinks!
You blink.
A yellow draconian and a yellow draconian annihilator come into view.
You yell at the yellow draconian annihilator!
The orb of fire blinks!
The green draconian monk roars!
The yellow draconian roars!
The yellow draconian annihilator roars!
The Killer Klown shouts!
You hear a roar!
Really fly into that permanent teleport trap?
You enter a permanent teleport trap!
Your surroundings suddenly seem different.
You yell at the Killer Klown!
You yell at the white draconian!
An orange crystal statue, 2 Orb Guardians, an orb of fire, a Killer Klown, 11 draconians and a death cob come into view.
The Killer Klown is wielding a +9 club of flaming.
A yellow draconian annihilator is wielding a +3 dagger of electrocution.
A purple draconian shifter is wielding a +2 long sword of holy wrath.
A purple draconian shifter is wielding a +0 rapier and wearing a +0 cloak of poison resistance.
You yell at the Orb Guardian!
Found a leather armour.
The yellow draconian annihilator roars!
The white draconian roars!
The green draconian monk roars!
The red draconian roars!
The red draconian scorcher roars!
The death cob gives a chilling moan.
The purple draconian shifter roars!
The purple draconian roars!
The red draconian roars!
The purple draconian shifter roars!
You hear a roar! x2
You hear a shout!
The purple draconian breathes dispelling energy at you.
The bolt of dispelling energy hits you!!
Your magical effects are unravelling.
You die...

***,,,*****,,,,**
***,,,,,,,,,**
##############** ***
##^...q^.......,** *,,
*#..........q...^,** **,
**.....dp.*......,,,** *,
*,.^.....zd......,,,,* **
*,.......d.....q.,,,,* *
*,.......@..q..d.,,,,* **
*,.X.......^.....,,,,* *,
*,.............q.,,,,* **,
*,.^......X.....q,,,,***,,
**.........^...d.,,,***,,,
*#..............,,**,,,,*
##.....^.......,,,,,,***
▓▓8...^##▓▓▓▓▓*******
**,,,,,,,,,,,,,^,****


You could see an orb of fire, a Killer Klown, a green draconian monk, a black
draconian knight, a purple draconian (catching breath), 2 draconians, 2
draconians, 2 draconians, a death cob, 2 Orb Guardians, a yellow draconian
annihilator, a red draconian scorcher and an orange crystal statue.

Vanquished Creatures
  2 dread liches
  3 orbs of fire
  Mennas (Depths:3)
  Mara (Vaults:2)
  4 ancient liches
  A juggernaut (Depths:2)
  Vv (Zot:1)
  Frederick (Vaults:2)
  A Killer Klown (Zot:4)
  2 caustic shrikes
  6 golden dragons
  Nikola (Vaults:3)
  2 bone dragons
  3 electric golems
  A shard shrike zombie (Crypt:2)
  3 Tzitzimimeh (Pan)
  2 walking crystal tomes (Depths:2)
  An Ice Fiend (Pan)
  Zenata (Vaults:2)
  4 Hell Sentinels (Pan)
  A shard shrike skeleton (Crypt:3)
  11 liches
  12 Orb Guardians (Zot:5)
  7 titans
  17 tentacled monstrosities
  A deep elf blademaster (Elf:3)
  A walking divine tome (Depths:2)
  A walking earthen tome (Depths:2)
  2 deep elf master archers (Elf:3)
  12 acid blobs
  9 quicksilver dragons
  12 ancient champions
  10 Executioners (Pan)
  10 death cobs
  22 storm dragons
  2 sphinxes
  5 tengu reavers
  14 shadow dragons
  5 draconian monks
  11 azure jellies
  An azure jelly (shapeshifter) (D:15)
  6 rockslimes
  4 draconian knights
  5 pandemonium lords (Pan)
  9 draconian scorchers
  10 fire giants
  6 frost giants
  5 demonspawn warmongers (Pan)
  12 daevas (Pan)
  2 iron dragons (Vaults:5)
  7 revenants
  9 deep elf sorcerers
  8 emperor scorpions
  Aizul (Elf:1)
  A juggernaut zombie (Crypt:2)
  16 vault wardens
  Louise (Spider:1)
  4 ghost moths
  3 balrugs (Pan)
  4 draconian stormcallers
  4 curse skulls
  3 deep elf elementalists (Elf:3)
  5 angels (Pan)
  3 broodmothers
  3 war gargoyles
  11 quicksilver oozes
  7 draconian shifters
  3 ghouls
  2 orc warlords
  6 demonspawn corrupters (Pan)
  5 draconian annihilators
  7 ironbound thunderhulks
  8 reapers
  15 ironbound preservers
  21 very ugly things
  4 cacodemons (Pan)
  6 demonspawn blood saints (Pan)
  2 spriggan defenders (Depths:2)
  14 stone giants
  7 deep elf demonologists
  15 apis (Pan)
  4 ophanim (Pan)
  12 vampire knights
  An eleionoma (shapeshifter) (Vaults:5)
  3 bunyips
  4 eleionomae
  10 demonspawn black suns (Pan)
  12 green draconians
  6 black draconians
  8 lorocyprocas (Pan)
  15 white draconians
  7 deep elf annihilators
  7 dire elephants
  5 purple draconians
  13 yellow draconians
  A minotaur (shapeshifter) (Vaults:5)
  8 red draconians
  8 spark wasps
  11 blizzard demons (Pan)
  4 eidola (Crypt:1)
  7 ettins
  7 deep elf death magi
  6 fire dragons
  A mummy priest (Crypt:3)
  An entropy weaver (shapeshifter) (D:14)
  6 crystal guardians
  8 green deaths (Pan)
  19 yaktaur captains
  Snorg (D:11)
  10 jiangshi
  8 great orbs of eyes
  Harold (D:11)
  8 entropy weavers
  4 ghost crabs
  Fannar (D:11)
  Josephine (D:12)
  3 rakshasas
  11 deep elf high priests
  16 hydras
  2 peacekeepers
  5 spriggan air magi
  37 vault guards
  An ogre mage (Vaults:1)
  Erolcha (D:11)
  7 ironbound frosthearts
  2 fenstrider witch zombies
  A quicksilver dragon skeleton (Crypt:3)
  4 radroaches
  8 centaur warriors
  2 juggernaut simulacra (Pan)
  A hell beast (Pan)
  7 boulder beetles
  2 catoblepae
  2 ice dragons
  8 spriggan skeletons
  7 deep troll shamans
  15 dancing weapons
  4 two-headed ogres
  5 alligators
  3 death knights
  12 deep troll earth magi
  An Orb Guardian skeleton (Crypt:1)
  13 vampire magi
  A hell hog (Pan)
  A spriggan berserker (Depths:2)
  3 tengu warriors (Depths:2)
  7 death yaks
  2 orc high priests
  26 sun demons (Pan)
  18 deep elf knights
  16 soul eaters
  5 hell knights
  2 titan skeletons
  13 sixfirhies
  A skyshark (Lair:3)
  Amaemon (D:8)
  5 fire crabs (D:11)
  A shadow wraith (Crypt:3)
  3 pharaoh ants
  9 iron trolls
  52 skeletal warriors
  3 spriggan druids
  6 glowing orange brains
  A cherub (Pan)
  An anaconda zombie (Crypt:2)
  2 spectral hydras (Swamp:4)
  14 shadow demons
  2 sun moths
  2 goliath frogs
  11 flayed ghosts
  51 deep trolls
  6 orb spiders
  14 ironbound convokers
  8 steelbarb worms
  9 bog bodies
  A shadow dragon zombie (Crypt:2)
  16 wizards
  2 bunyip skeletons (Crypt:2)
  10 deep elf archers
  14 necromancers
  13 phantasmal warriors
  7 orc knights
  36 deep elf pyromancers
  A golden dragon skeleton (Crypt:3)
  8 swamp dragons
  An anaconda skeleton (Crypt:2)
  A sphinx zombie (Vaults:3)
  19 deep elf zephyrmancers
  5 lindwurms
  A jorogumo zombie (Crypt:3)
  52 ugly things
  17 wolf spiders
  6 shining eyes
  7 orc sorcerers
  3 human zombies
  4 manticores
  5 will-o-the-wisps
  2 shadow dragon skeletons (Crypt:3)
  A moth of wrath (shapeshifter) (Elf:2)
  An eleionoma skeleton (Crypt:1)
  14 elephants
  3 black mambas
  3 cyclopes
  An iron dragon skeleton (Crypt:2)
  33 moths of wrath
  Joseph (D:9)
  15 large abominations (Pan)
  14 vault sentinels
  A frost giant skeleton (Vaults:5)
  2 stone giant skeletons (Crypt:3)
  4 eyes of devastation
  5 torpor snails
  A rust devil (Depths:2)
  A dire elephant skeleton (Crypt:2)
  An apocalypse crab (D:11)
  A naga zombie (Crypt:2)
  16 demonic crawlers
  A human skeleton (Vaults:3)
  4 ice statues (Pan)
  2 molten gargoyles (Volcano)
  4 naga skeletons
  6 cane toads
  5 komodo dragons
  35 smoke demons
  10 orange demons
  A kobold demonologist (D:13)
  22 hellions (Pan)
  A cane toad (shapeshifter) (D:13)
  A catoblepas zombie (Crypt:3)
  4 centaur skeletons
  4 ice devils (Pan)
  2 swamp worm zombies (Swamp:4)
  4 rime drakes (Lair:5)
  7 tormentors (Pan)
  2 efreet (Pan)
  35 yaktaurs
  A grey draconian skeleton (Crypt:1)
  7 freezing wraiths
  4 tengu conjurers
  A purple draconian skeleton (Crypt:2)
  6 guardian mummies (Crypt:3)
  2 harpy zombies (Crypt:2)
  A shadow dragon simulacrum (Vaults:5)
  2 hydra zombies (Swamp:4)
  3 meliai (D:15)
  A meliai (shapeshifter) (Vaults:5)
  A pale draconian skeleton (Crypt:2)
  A merfolk (shapeshifter) (Depths:4)
  A death drake zombie (Crypt:2)
  10 trolls
  12 hellwings
  4 red devils
  2 trolls (shapeshifter)
  4 harpy skeletons
  7 hornets
  2 polar bears
  7 blink frogs
  8 tyrant leeches
  19 tarantellas
  A frost giant simulacrum (Vaults:3)
  A great orb of eyes zombie (Crypt:1)
  5 spectral swamp dragons (Swamp:4)
  2 alligator zombies (Swamp:4)
  7 dream sheep
  A fire giant simulacrum (Vaults:3)
  A stone giant simulacrum (Vaults:5)
  13 flying skulls
  15 culicivoras
  16 ynoxinuls (Pan)
  3 air elementals
  A shadow (D:12)
  A centaur simulacrum (D:15)
  6 water elementals
  132 slime creatures
  11 spriggans
  28 jumping spiders
  A dire elephant simulacrum (Crypt:2)
  A spriggan (shapeshifter) (D:13)
  4 wyverns
  13 wraiths
  A vampire (D:13)
  5 fire bats
  2 black mamba skeletons
  8 chaos spawn (Pan)
  12 yaks
  Eustachio (D:5)
  20 golden eyes
  20 neqoxecs (Pan)
  5 steam dragons
  A death yak simulacrum (Lair:1)
  3 fire elementals
  6 basilisks
  A merfolk zombie (Crypt:1)
  43 redbacks
  22 swamp worms
  8 vampire mosquitoes
  7 wargs
  11 water moccasins
  6 acid dragons
  2 floating eyes
  3 hell hounds
  43 orc warriors
  6 swamp drakes
  3 black bears
  6 swamp dragon zombies
  An ice beast (D:5)
  14 wolves
  7 centaurs
  11 ogres
  A blink frog skeleton (Crypt:3)
  A centaur (shapeshifter) (Vaults:5)
  A hog skeleton (Crypt:1)
  3 kobold brigands
  9 phantoms
  13 bullfrogs
  2 earth elementals
  A necrophage (Crypt:2)
  2 scorpions
  A yaktaur skeleton (Crypt:1)
  4 wights (D:9)
  A jelly (D:7)
  6 howler monkeys
  2 electric eels
  6 lava snakes (Volcano)
  A gnoll bouda (D:6)
  3 hounds (D:5)
  8 orc priests
  9 iguanas
  18 orc wizards
  4 hell rats (Lair:2)
  A polar bear simulacrum (Lair:1)
  An ice beast zombie (Crypt:1)
  An acid dragon skeleton (Crypt:3)
  11 gnolls
  A swamp drake zombie (Swamp:4)
  2 adders
  2 white imps (D:6)
  An ufetubus (D:5)
  A worm (D:2)
  4 dart slugs
  71 orcs
  5 endoplasms
  3 giant cockroaches (D:4)
  9 goblins
  5 hobgoblins
  2 jackals (D:5)
  24 kobolds
  6 ball pythons
  8 bats
  9 frilled lizards
  A jackal zombie (Crypt:3)
  7 rats
  A butterfly (Lair:1)
  A fire vortex (Pan)
2594 creatures vanquished.

Vanquished Creatures (collateral kills)
  A dread lich (Zot:4)
  A juggernaut (Depths:2)
  2 caustic shrikes (Depths:3)
  2 curse toes
  2 bone dragons
  A pearl dragon (Pan)
  A Brimstone Fiend (Pan)
  A hellephant (Pan)
  A Hell Sentinel (Pan)
  2 titans
  2 liches (Zot:4)
  2 acid blobs (Slime:5)
  An Executioner (Pan)
  An ancient champion (Crypt:1)
  A shadow dragon (Depths:3)
  3 daevas (Pan)
  4 storm dragons
  Donald (Orc:1)
  A fire giant (Vaults:4)
  2 rockslimes (Slime:5)
  An emperor scorpion (Spider:4)
  3 pandemonium lords (Pan)
  A balrug (Pan)
  A vault warden (Vaults:3)
  2 curse skulls (Crypt:1)
  3 angels (Pan)
  4 cacodemons (Pan)
  4 draconian shifters
  A broodmother (Spider:4)
  A draconian annihilator (Zot:5)
  A stone giant (Depths:2)
  A war gargoyle (Vaults:4)
  3 ironbound preservers (Vaults:4)
  A spriggan defender (Depths:2)
  3 demonspawn corrupters (Pan)
  2 reapers (Pan)
  2 ophanim (Pan)
  A quicksilver ooze (Slime:5)
  An ironbound thunderhulk (Vaults:4)
  A demonspawn black sun (Pan)
  A juggernaut skeleton (Crypt:3)
  A dire elephant (Vaults:2)
  A vampire knight (Depths:1)
  2 black draconians
  A red draconian (Zot:5)
  Azrael (D:13)
  A lorocyproca (Pan)
  2 purple draconians (Zot:3)
  A spark wasp (Depths:3)
  6 blizzard demons (Pan)
  2 green deaths (Pan)
  3 ettins
  A deep elf death mage (Vaults:5)
  2 entropy weavers
  3 jiangshi
  3 vault guards (Vaults:4)
  An ogre mage (Vaults:4)
  A spriggan skeleton (Crypt:3)
  A boulder beetle (Lair:3)
  A spriggan air mage (Depths:2)
  An ironbound frostheart (Vaults:3)
  A dancing weapon (Elf:1)
  A deep troll earth mage (Depths:3)
  4 vampire magi (Depths:1)
  2 hell hogs (Pan)
  4 soul eaters (Pan)
  3 sun demons (Pan)
  Sonja (Lair:2)
  A pharaoh ant (Spider:4)
  3 sixfirhies (Pan)
  2 skeletal warriors (Crypt:3)
  A cherub (Pan)
  3 deep trolls
  4 shadow demons (Pan)
  An orb spider (Spider:1)
  3 large abominations (Pan)
  3 ironbound convokers
  A deep elf pyromancer (Elf:1)
  2 wolf spiders
  A deep elf zephyrmancer (Elf:1)
  2 vault sentinels
  An ice statue (Pan)
  A rust devil (Pan)
  3 demonic crawlers (Pan)
  3 smoke demons (Pan)
  5 orange demons (Pan)
  2 torpor snails
  2 yaktaurs
  A swamp worm zombie (Crypt:2)
  A tormentor (Pan)
  A red devil (Pan)
  2 hornets (Depths:2)
  A tarantella (Spider:4)
  A jumping spider (Spider:4)
  A flying skull (Crypt:1)
  4 culicivoras (Spider:4)
  2 spriggans (Depths:2)
  A ynoxinul (Pan)
  A culicivora (shapeshifter) (Vaults:4)
  2 slime creatures (Vaults:3)
  A water elemental (Elf:1)
  A wraith (Crypt:1)
  A chaos spawn (Pan)
  4 neqoxecs (Pan)
  4 redbacks
  3 hell hounds (D:13)
  A tengu (shapeshifter) (Vaults:5)
  An orc priest (D:9)
  2 orcs (D:9)
201 creatures vanquished.

Vanquished Creatures (others)
  A draconian stormcaller (Zot:1)
  A draconian annihilator (Zot:3)
  A white draconian (Zot:3)
  An ogre mage (Vaults:5)
  2 deep elf knights (Elf:1)
  A sun demon (Pan)
  3 deep elf zephyrmancers (Elf:3)
  2 deep elf pyromancers
  A manticore (Lair:5)
  A hellion (Pan)
  3 bloated husks
  2 water elementals (Depths:2)
  2 large abominations (Pan)
  A redback (Spider:1)
  A phantom (Swamp:4)
  An orc wizard (D:9)
  2 orcs (Vaults:5)
  4 demonic plants (Pan)
  8 foxfires (Swamp:1)
  39 fungi
  24 plants
101 creatures vanquished.

Grand Total: 2896 creatures vanquished

Notes
Turn   | Place    | Note
-------+----------+-------------------------------------------
     0 | D:1      | ketsa the Armataur Fighter began the quest for the Orb.
     0 | D:1      | Reached XP level 1. HP: 19/19 MP: 1/1
   121 | D:1      | Found Fifeicse's Book Shop.
   205 | D:1      | Reached XP level 2. HP: 26/26 MP: 2/2
   261 | D:1      | Found Xest's Jewellery Shop.
   975 | D:2      | Reached XP level 3. HP: 27/32 MP: 3/3
  1236 | D:2      | Reached XP level 4. HP: 22/39 MP: 4/4
  1650 | D:3      | Found a sacrificial altar of Ru.
  1973 | D:3      | Found a faded altar of an unknown god.
  2472 | D:4      | Noticed a scorpion
  2485 | D:4      | Killed a scorpion
  2486 | D:4      | Reached skill level 5 in Maces & Flails
  2486 | D:4      | Reached XP level 5. HP: 32/44 MP: 3/5
  2533 | D:4      | Noticed a phantom
  2551 | D:4      | Killed a phantom
  2947 | D:4      | Found a snail-covered altar of Cheibriados.
  2977 | D:4      | Reached XP level 6. HP: 52/53 MP: 6/6
  3003 | D:5      | Entered Level 5 of the Dungeon
  3041 | D:5      | Noticed Eustachio
  3052 | D:5      | Reached XP level 7. HP: 43/59 MP: 4/7
  3326 | D:5      | Found a basalt altar of Yredelemnul.
  3502 | D:5      | Killed Eustachio
  3734 | D:5      | Found a glowing golden altar of the Shining One.
  3741 | D:5      | Became a worshipper of the Shining One
  4189 | D:6      | Found a large runed translucent door.
  4190 | D:6      | Found a large runed translucent door.
  4191 | D:6      | Found a shimmering altar of Xom.
  4641 | D:6      | Found Ogusimee's Distillery.
  4646 | D:6      | Bought a potion of curing for 36 gold pieces
  4646 | D:6      | Bought a potion of heal wounds for 60 gold pieces
  4646 | D:6      | Bought a potion of heal wounds for 60 gold pieces
  4685 | D:6      | Reached XP level 8. HP: 66/66 MP: 8/8
  4888 | D:6      | Found a blossoming altar of Fedhas.
  4910 | D:6      | Reached skill level 4 in Armour
  6050 | D:7      | Reached * piety under the Shining One
  6157 | D:7      | Found Kysy's Jewellery Boutique.
  6263 | D:7      | Found a staircase to the Ecumenical Temple.
  6285 | Temple   | Entered the Ecumenical Temple
  6608 | D:7      | Reached skill level 5 in Armour
  6804 | D:7      | Reached skill level 10 in Maces & Flails
  7212 | D:7      | Found an iron altar of Okawaru.
  7225 | D:7      | Reached skill level 6 in Armour
  7225 | D:7      | Reached XP level 9. HP: 70/72 MP: 9/9
  7987 | D:8      | Found a bloodstained altar of Trog.
  8711 | D:7      | Reached skill level 7 in Armour
  9015 | D:8      | Reached skill level 8 in Armour
  9670 | D:9      | Noticed an orange demon
  9671 | D:9      | Noticed Amaemon
  9762 | D:8      | Killed Amaemon
  9763 | D:8      | Reached XP level 10. HP: 63/79 MP: 10/10
 10086 | D:9      | Killed an orange demon
 10097 | D:9      | Noticed Joseph
 10830 | D:9      | Found a hazy altar of Hepliaklqana.
 11294 | D:9      | Killed Joseph
 11366 | D:9      | Found a staircase to the Orcish Mines.
 11447 | D:9      | Reached ** piety under the Shining One
 11969 | D:10     | Entered Level 10 of the Dungeon
 12030 | D:10     | Found a sparkling altar of Nemelex Xobeh.
 12046 | D:10     | Found a flagged portal.
 12055 | Bailey   | Entered a bailey
 12147 | Bailey   | Reached skill level 5 in Shields
 12378 | Bailey   | Noticed a two-headed ogre
 12413 | Bailey   | Killed a two-headed ogre
 12678 | D:10     | Reached XP level 11. HP: 87/90 MP: 11/11
 12683 | D:10     | Identified the +7 mace of Delicate Valiance {heavy, rPois}
 12931 | D:10     | Found a staircase to the Lair.
 13086 | D:10     | Found an ornate altar of the Wu Jian Council.
 13176 | Lair:1   | Entered Level 1 of the Lair of Beasts
 13420 | D:11     | Noticed a boulder beetle
 13479 | D:11     | Reached skill level 5 in Fighting
 13479 | D:11     | Reached skill level 1 in Invocations
 13492 | D:11     | Reached skill level 1 in Throwing
 13492 | D:11     | Reached skill level 1 in Evocations
 13899 | D:11     | Noticed Erolcha
 13931 | D:11     | Killed Erolcha
 14169 | D:11     | Noticed a two-headed ogre
 14177 | D:11     | Killed a two-headed ogre
 14409 | D:11     | Killed a boulder beetle
 14498 | D:11     | Noticed Snorg
 14509 | D:11     | Killed Snorg
 14700 | D:11     | Noticed Harold
 14712 | D:11     | Killed Harold
 14834 | D:11     | Noticed Fannar
 14958 | Lair:1   | Reached *** piety under the Shining One
 15456 | Lair:1   | Reached XP level 12. HP: 102/102 MP: 15/15
 16120 | Lair:2   | Noticed a four-headed hydra
 16127 | Lair:2   | Killed a four-headed hydra
 16175 | Lair:2   | Noticed Sonja
 16181 | Lair:2   | Killed Sonja
 16824 | Lair:2   | Found a staircase to the Swamp.
 17033 | Lair:2   | Reached skill level 5 in Invocations
 17033 | Lair:2   | Reached skill level 5 in Evocations
 17475 | Lair:2   | Reached skill level 9 in Armour
 17509 | Lair:2   | Reached skill level 1 in Dodging
 17884 | Swamp:1  | Entered Level 1 of the Swamp
 17951 | Lair:3   | Reached skill level 5 in Throwing
 17998 | Lair:3   | Found a dark tunnel.
 18007 | Volcano  | Entered a volcano
 18532 | Volcano  | Found a radiant altar of Vehumet.
 18532 | Volcano  | Reached **** piety under the Shining One
 18637 | Volcano  | Paralysed by an orc sorcerer for 3 turns
 19031 | Lair:3   | Found a hole to the Spider Nest.
 19045 | Spider:1 | Entered Level 1 of the Spider Nest
 19045 | Spider:1 | Noticed a boulder beetle
 19045 | Spider:1 | Noticed an entropy weaver
 19651 | Lair:3   | Reached XP level 13. HP: 83/113 MP: 17/17
 20290 | Lair:4   | Reached skill level 10 in Armour
 20418 | Lair:4   | Identified the +2 scale mail "Kulomica" {Regen+}
 21285 | Lair:5   | Entered Level 5 of the Lair of Beasts
 21547 | Lair:4   | Identified the +4 dagger of the Vaults {flame, rC+ Str+3
                  | SInv}
 21960 | Lair:5   | Found a viscous altar of Jiyva.
 21961 | Lair:5   | Found a staircase to the Slime Pits.
 21970 | Slime:1  | Entered Level 1 of the Pits of Slime
 22621 | Orc:1    | Entered Level 1 of the Orcish Mines
 23421 | Orc:2    | Entered Level 2 of the Orcish Mines
 23448 | Orc:2    | Noticed Donald
 23448 | Orc:2    | Found Veefoad's Antique Armour Emporium.
 23930 | D:11     | Found a runed translucent door.
 23930 | D:11     | You fall into a shaft and drop 1 floor!
 24116 | D:11     | Killed Fannar
 24117 | D:11     | Reached skill level 11 in Armour
 24758 | D:12     | Got Vaegurud's Quarto of Plaster Cramp
 24783 | D:12     | Got Tuphot's Folio of Dhcmrlchtdj
 24792 | D:12     | Got Ts'ui Pên's Directory of Forking Paths
 24808 | D:12     | Noticed Josephine
 25193 | D:12     | Killed Josephine
 25194 | D:12     | Reached XP level 14. HP: 121/126 MP: 18/20
 25396 | D:13     | Reached ***** piety under the Shining One
 25541 | D:13     | Noticed Azrael
 25625 | D:13     | Reached skill level 1 in Stealth
 25972 | D:13     | Found a flickering gateway to a bazaar.
 25985 | Bazaar   | Entered a bazaar
 25986 | Bazaar   | Found Johur's Weapon Emporium.
 26003 | Bazaar   | Found Jiddies's Weapon Shop.
 26013 | Bazaar   | Found Tezuysi's Book Emporium.
 26025 | Bazaar   | Found Esotz's Weapon Shop.
 26253 | D:13     | Killed Azrael
 26479 | D:13     | Identified the +4 whip "Metwimm" {drain, rElec Str+3 Int+3}
 26734 | D:14     | Found a gate to the Vaults.
 26744 | D:14     | Reached skill level 12 in Armour
 26768 | D:14     | Reached skill level 5 in Stealth
 27734 | D:15     | Entered Level 15 of the Dungeon
 27736 | D:15     | Found a transporter.
 27739 | D:15     | Found a transporter.
 29291 | Lair:5   | Reached skill level 13 in Armour
 29405 | Lair:5   | Reached skill level 10 in Fighting
 31124 | Orc:1    | Killed Donald
 31125 | Orc:1    | Reached XP level 15. HP: 52/134 MP: 15/22
 31170 | Orc:1    | Reached skill level 14 in Armour
 31774 | Orc:2    | Found Kala Tesm's General Store.
 31834 | Orc:2    | Found Yneo's Antique Weapon Emporium.
 31926 | Orc:2    | Reached skill level 10 in Invocations
 31939 | Orc:2    | Found Aphat's Jewellery Shoppe.
 32012 | Orc:2    | Found a staircase to the Elven Halls.
 32192 | Elf:1    | Entered Level 1 of the Elven Halls
 32685 | Orc:2    | Bought a shimmering helmet for 323 gold pieces
 32685 | Orc:2    | Identified the +2 helmet "Funubb" {rElec} (You bought it in
                  | a shop on level 2 of the Orcish Mines)
 32698 | Orc:2    | Bought a twisted plate armour for 952 gold pieces
 32698 | Orc:2    | Identified the +11 plate armour of Qorif {rPois} (You
                  | bought it in a shop on level 2 of the Orcish Mines)
 32714 | Orc:2    | Bought an embroidered scarf for 272 gold pieces
 32737 | Orc:2    | Bought a potion of curing for 39 gold pieces
 32737 | Orc:2    | Bought a ring of resist corrosion for 260 gold pieces
 33049 | Spider:1 | Identified the +7 ring mail of Perfidy {rCorr Str-3 Int+3}
 33237 | Spider:1 | Reached skill level 15 in Armour
 33372 | Spider:1 | Noticed an emperor scorpion
 33398 | Spider:1 | Killed an emperor scorpion
 33837 | Spider:1 | HP: 4/136 [disintegration[a torpor snail] (59)]
 35115 | Swamp:1  | Reached ****** piety under the Shining One
 35766 | Swamp:2  | Reached XP level 16. HP: 128/146 MP: 24/24
 35778 | Swamp:1  | Reached skill level 16 in Armour
 36923 | Swamp:3  | Identified the +7 trident of Doom {spect, rPois}
 37268 | Swamp:4  | Entered Level 4 of the Swamp
 38500 | Swamp:4  | Noticed a bone dragon
 38532 | Swamp:4  | Killed a bone dragon
 38670 | Swamp:4  | Got a decaying rune of Zot
 39252 | D:15     | Found Aqapu's Jewellery Shop.
 39573 | D:15     | Found a transporter.
 39575 | D:15     | Found a transporter.
 39576 | D:15     | Found a transporter.
 39722 | D:15     | Reached skill level 17 in Armour
 39850 | D:15     | Reached skill level 10 in Shields
 40076 | D:15     | Found a blossoming altar of Fedhas.
 40105 | D:15     | Found a transporter.
 40360 | D:15     | Reached XP level 17. HP: 156/156 MP: 26/26
 40395 | D:15     | an iron dragon changed into an acid blob
 40395 | D:15     | Noticed an acid blob (glowing shapeshifter)
 40403 | D:15     | a shadow dragon changed into an acid blob
 40403 | D:15     | Noticed an acid blob (glowing shapeshifter)
 40693 | D:15     | Found a staircase to the Depths.
 40702 | Depths:1 | Entered Level 1 of the Depths
 41011 | Depths:2 | Noticed a lich
 41608 | Spider:2 | Noticed Louise
 41678 | Spider:1 | Killed Louise
 41740 | Spider:2 | Identified the +5 falchion "Grim Tooth" {speed, *Rage Fly
                  | rElec rF++}
 42532 | Spider:3 | Identified the +2 war axe "Armataur's Doom" {heavy, *Slow
                  | Str+6}
 43466 | Spider:4 | Entered Level 4 of the Spider Nest
 44880 | Spider:4 | Reached skill level 18 in Armour
 45217 | Spider:4 | Got a gossamer rune of Zot
 45656 | D:11     | Reached XP level 18. HP: 142/167 MP: 27/27
 46000 | D:11     | Got Ewayr's Almanac of the Spider
 46001 | D:11     | Identified the +7 shortbow "Puxeogoz" {flame, rC+}
 46720 | Depths:1 | Reached skill level 10 in Evocations
 47410 | Depths:1 | Found a one-way gateway to a ziggurat.
 47431 | Depths:1 | Found a gateway to Hell.
 47431 | Depths:1 | Noticed a lich
 47438 | Depths:1 | Killed a lich
 47464 | Depths:1 | Found an ancient bone altar of Kikubaaqudgha.
 47729 | Depths:2 | Found Rucuatum's Retail Resort.
 47874 | Depths:2 | Reached skill level 19 in Armour
 48403 | Depths:2 | Killed a lich
 48424 | Depths:2 | Noticed a lich
 48443 | Depths:2 | Killed a lich
 48465 | Depths:2 | Found a one-way gate to the infinite horrors of the Abyss.
 48785 | Depths:2 | Noticed a walking earthen tome
 48786 | Depths:2 | Noticed a juggernaut
 48801 | Depths:2 | Noticed a walking crystal tome
 48837 | Depths:2 | The Shining One protects you from harm!
 48841 | Depths:2 | Killed a walking crystal tome
 48977 | Depths:2 | Noticed a walking crystal tome
 49164 | Depths:2 | Noticed a juggernaut
 49172 | Depths:2 | Killed a juggernaut
 49376 | Depths:2 | Noticed a lich
 49387 | Depths:2 | Killed a lich
 49565 | Depths:2 | Found a one-way gate leading to the halls of Pandemonium.
 49713 | Depths:2 | Killed a juggernaut
 49725 | Depths:2 | Reached XP level 19. HP: 128/177 MP: 25/29
 50034 | Depths:2 | Identified a +4 sacred scourge of holy wrath (a +2 demon
                  | whip of flaming blessed by the Shining One)
 50034 | Depths:2 | Received a gift from the Shining One
 51167 | Vaults:1 | Entered Level 1 of the Vaults
 51167 | Vaults:1 | Found Eross's Armour Boutique.
 51617 | Vaults:1 | Reached skill level 20 in Armour
 53358 | Vaults:2 | Noticed Zenata
 53374 | Vaults:2 | HP: 2/179 [+2 dire flail of holy wrath[Zenata] (9)]
 53761 | Vaults:2 | Killed Zenata
 54527 | Vaults:2 | Noticed Frederick
 54577 | Vaults:2 | Killed Frederick
 54793 | Vaults:2 | Identified the +9 morningstar of the Teaching Oracle
                  | {protect, rF+}
 54944 | Vaults:1 | Reached skill level 15 in Invocations
 55380 | Vaults:2 | Found Ruqimiest's Distillery.
 55388 | Vaults:2 | Bought 2 potions of haste for 300 gold pieces
 55388 | Vaults:2 | Bought a potion of heal wounds for 75 gold pieces
 55459 | Vaults:2 | Found a staircase to the Crypt.
 55464 | Crypt:1  | Entered Level 1 of the Crypt
 55770 | Crypt:1  | Reached XP level 20. HP: 189/189 MP: 31/31
 56359 | Crypt:1  | Reached skill level 15 in Fighting
 56746 | Crypt:1  | Reached skill level 21 in Armour
 58656 | Crypt:1  | Reached skill level 15 in Shields
 60110 | Crypt:3  | Entered Level 3 of the Crypt
 60155 | Crypt:3  | Reached XP level 21. HP: 192/201 MP: 33/33
 60184 | Crypt:3  | Identified the +6 shortbow "Unyong" {elec, Will+}
 61237 | Crypt:3  | Found a staircase to the Tomb.
 61243 | Tomb:1   | Entered Level 1 of the Tomb of the Ancients
 61325 | Crypt:3  | Found a basalt altar of Yredelemnul.
 61684 | Crypt:3  | Noticed an ancient lich
 61707 | Crypt:3  | Killed an ancient lich
 61729 | Crypt:3  | Identified the ring of Iragh {Fly rN+ Will- rCorr Dex+6}
 61729 | Crypt:3  | Identified the ring "Ycoyham" {rElec rF- rN+ rCorr}
 61729 | Crypt:3  | Identified the ring "Ijeixai" {+Blink rPois rN+ Str-2
                  | Stlth+}
 61761 | Crypt:3  | Got the Spellbook of the Autopsy
 62353 | Vaults:2 | Noticed Mara
 62354 | Vaults:2 | Noticed ketsa's illusion
 63156 | Vaults:2 | Noticed ketsa's illusion
 63353 | Vaults:2 | Noticed ketsa's illusion
 63354 | Vaults:2 | Killed Mara
 63526 | Vaults:3 | Found Kaext's Magic Scroll Emporium.
 63529 | Vaults:3 | Bought a scroll of teleportation for 57 gold pieces
 63529 | Vaults:3 | Bought a scroll of summoning for 180 gold pieces
 64066 | Vaults:3 | Noticed Nikola
 64089 | Vaults:3 | Killed Nikola
 64525 | Vaults:3 | Reached XP level 22. HP: 189/216 MP: 35/35
 65260 | Vaults:4 | Found a crumbling gateway.
 65264 | Vaults:4 | not going in this... tyvm
 65464 | Vaults:4 | Reached skill level 22 in Armour
 66324 | Vaults:4 | Paralysed by a great orb of eyes for 5 turns
 67021 | Vaults:4 | Paralysed by an ogre mage for 4 turns
 67685 | Vaults:4 | Found Avumamu's Antique Armour Shop.
 67777 | Vaults:4 | Bought an embroidered scarf for 184 gold pieces
 67790 | Vaults:4 | Bought a shiny helmet for 172 gold pieces
 68515 | Depths:2 | Identified the ring "Wuwom" {rPois rF- Str+2 Dex+4}
 68600 | Depths:2 | Found the +6 arbalest "Damnation" {damnation}
 68658 | Depths:2 | Noticed a caustic shrike
 68666 | Depths:2 | Killed a caustic shrike
 68824 | Depths:2 | Paralysed by a floating eye for 2 turns
 69003 | Depths:2 | Found the +5 scythe "Finisher" {speed, execute}
 69012 | Depths:2 | Identified the +6 war axe "Kafruley" {vamp, rElec rF- Dex+3
                  | Stlth+}
 69709 | Depths:2 | Reached skill level 1 in Air Magic
 69716 | Depths:2 | Reached skill level 1 in Spellcasting
 70049 | Depths:3 | Paralysed by a floating eye for 4 turns
 70097 | Depths:3 | Found Wiyk's General Store.
 70099 | Depths:3 | Found Icideebu's General Store.
 70099 | Depths:3 | Found Ashrusk's Jewellery Shop.
 70104 | Depths:3 | Found Luygakle's General Store.
 70107 | Depths:3 | Bought a scroll of teleportation for 36 gold pieces
 70107 | Depths:3 | Bought a potion of heal wounds for 60 gold pieces
 70128 | Depths:3 | Noticed Mennas
 70164 | Depths:3 | Killed Mennas
 71482 | Depths:4 | Entered Level 4 of the Depths
 71778 | Depths:3 | Reached XP level 23. HP: 119/227 MP: 29/37
 72136 | Depths:4 | Noticed a caustic shrike
 72137 | Depths:4 | Noticed a caustic shrike
 72149 | Depths:4 | Noticed a caustic shrike
 72156 | Depths:3 | Killed a caustic shrike
 72160 | Depths:3 | Killed a caustic shrike
 72434 | Depths:3 | Killed a caustic shrike
 72782 | Depths:4 | Found a bloodstained altar of Trog.
 73276 | Depths:4 | Identified the +5 great mace of Comn {heavy, Dex+3}
 74024 | Elf:1    | Reached skill level 10 in Stealth
 74107 | Elf:1    | Found Yxefiab's Antique Armour Shoppe.
 74179 | Elf:1    | Paralysed by an air elemental for 1 turns
 74196 | Elf:1    | Reached skill level 5 in Dodging
 74255 | Elf:1    | Paralysed by an air elemental for 1 turns
 74618 | Elf:1    | Noticed Aizul
 74627 | Elf:1    | Killed Aizul
 75091 | Elf:2    | Identified the +0 buckler of Jonkemit {-Tele Int+3 Stlth+}
 75164 | Elf:3    | Entered Level 3 of the Elven Halls
 75629 | Elf:2    | Found a runed translucent gate.
 75629 | Elf:2    | Found a runed translucent gate.
 75629 | Elf:2    | Found a runed translucent gate.
 75721 | Elf:2    | Reached skill level 15 in Maces & Flails
 75924 | Elf:3    | Paralysed by an air elemental for 1 turns
 76548 | Elf:3    | Identified the ring "Hohoeb" {Fire rElec Str-3 Int+3 SInv}
 76756 | Elf:3    | Identified the amulet "Goboonos" {Faith Harm +Blink rF-
                  | Int+8}
 77211 | Elf:3    | Identified the amulet "Luesininn" {RegenMP rF+ rN+ Int+4}
 77304 | Elf:3    | Identified the amulet "Woub" {Spirit Will+ Str+3}
 77413 | Elf:3    | Identified the +6 dagger of Siph {drain, Will+}
 77413 | Elf:3    | Identified the ring "Mirihag" {Contam rElec rPois rN++
                  | Stlth+}
 77424 | Elf:3    | Identified the +7 dire flail "Ebrawna" {holy, Str-2 Int+6}
 77661 | Elf:3    | Found the +3 pair of mountain boots {steadfast, rC+}
 77662 | Elf:3    | Found the +18 shield of the Gong {Loud rN+ Will+ rCorr
                  | EV-5}
 77679 | Elf:3    | Identified the +5 ring mail of Refuge {rPois rC+ Str+3}
 77707 | Elf:3    | Identified the staff of air "Efyquus" {Contam rElec rN+
                  | Str+4}
 78691 | Depths:4 | Found a gate to the Realm of Zot.
 79713 | Slime:1  | Gained mutation: You have hidden genetic defects. [a
                  | shining eye]
 80715 | Slime:1  | Reached XP level 24. HP: 211/236 MP: 37/37
 81229 | Slime:5  | Entered Level 5 of the Pits of Slime
 81303 | Slime:5  | Noticed the Royal Jelly
 81445 | Slime:3  | Gained mutation: You are vulnerable to cold. (rC-) [hidden
                  | defects]
 81496 | Slime:3  | Lost mutation: You have hidden genetic defects. [potion of
                  | mutation]
 81496 | Slime:3  | Lost mutation: You are vulnerable to cold. (rC-) [potion of
                  | mutation]
 81496 | Slime:3  | Gained mutation: Your magical capacity is low. (-10% MP)
                  | [potion of mutation]
 81496 | Slime:3  | Gained mutation: You sometimes lose your temper in combat.
                  | [potion of mutation]
 81496 | Slime:3  | Gained mutation: You have a pair of small horns on your
                  | head. [potion of mutation]
 81496 | Slime:3  | Gained mutation: You have hidden genetic potential. [potion
                  | of mutation]
 81496 | Slime:3  | Lost mutation: You sometimes lose your temper in combat.
                  | [potion of mutation]
 81496 | Slime:3  | Gained mutation: You are strong-willed. (Will+) [potion of
                  | mutation]
 81496 | Slime:3  | Gained mutation: You expend magic power (3 MP) to
                  | strengthen your wands. [potion of mutation]
 81631 | Slime:3  | You are sucked into a shaft and drop 1 floor!
 81873 | Slime:5  | Reached skill level 15 in Stealth
 82093 | Slime:1  | Gained mutation: You are dopey. (Int -2) [a shining eye]
 82094 | Slime:1  | Gained mutation: Your magical capacity is very low. (-20%
                  | MP) [a shining eye]
 85000 | Vaults:5 | Entered Level 5 of the Vaults
 85782 | Vaults:5 | Noticed a dread lich
 86174 | Vaults:4 | Killed a dread lich
 86246 | Vaults:5 | Noticed an ancient lich
 86438 | Vaults:5 | Identified the +1 battleaxe "Ymuixu" {pain, Dex+2}
 86589 | Vaults:5 | Identified the +2 robe of Ylenoif {Will+ rCorr Int+3}
 86649 | Vaults:5 | Noticed an ancient lich
 86662 | Vaults:5 | Killed an ancient lich
 86747 | Vaults:5 | Reached skill level 10 in Dodging
 86923 | Vaults:5 | Killed an ancient lich
 86995 | Vaults:5 | Noticed a dread lich
 87851 | Vaults:5 | Reached XP level 25. HP: 218/247 MP: 29/29
 88630 | Vaults:5 | Killed a dread lich
 88965 | Vaults:5 | Gained mutation: You are covered in fur. (AC +1) [hidden
                  | potential]
 89224 | Vaults:5 | Reached skill level 23 in Armour
 89359 | Vaults:5 | Identified the +4 sling of Paduz Johewk {freeze, rF+ rN+}
 89624 | Vaults:5 | Got Sif Muna's Tome of the Winter
 89820 | Vaults:5 | Identified the +0 pair of boots of Wu Jian's Envy {rF+}
 89906 | Vaults:5 | Identified the staff of fire "Xonael" {rPois rF+ Will+
                  | Int+2}
 89959 | Vaults:5 | Got a silver rune of Zot
 90123 | Vaults:5 | Identified the +10 short sword of Distant Shores {freeze,
                  | Contam rElec rF+ rC+}
 90728 | Zot:1    | Entered Level 1 of the Realm of Zot
 90742 | Zot:1    | Noticed an orb of fire
 91006 | Zot:1    | Gained mutation: You are clumsy. (Dex -2) [an orb of fire]
 91012 | Zot:1    | Killed an orb of fire
 93281 | Zot:1    | Noticed Vv
 93298 | Zot:1    | Killed Vv
 93612 | Zot:1    | Noticed an orb of fire
 93620 | Zot:1    | Killed an orb of fire
 94933 | Zot:2    | HP: 11/250 [quicksilver dragon (5)]
 95788 | Zot:2    | Reached skill level 24 in Armour
 95834 | Zot:2    | Reached XP level 26. HP: 245/258 MP: 30/30
 95944 | Zot:2    | Found a transporter.
 95947 | Zot:2    | Noticed an orb of fire
 95949 | Zot:2    | Found a radiant altar of Vehumet.
 96347 | Zot:2    | Noticed a dread lich
 96884 | Zot:3    | HP: 11/261 [storm dragon/bolt of lightning (13)]
 97665 | Zot:3    | Lost mutation: Your magical capacity is very low. (-20% MP)
                  | [hidden potential]
 97665 | Zot:3    | Lost mutation: You have hidden genetic potential. [hidden
                  | potential expressed]
 98725 | Zot:4    | Noticed an orb of fire
 98737 | Zot:4    | Killed an orb of fire
 99135 | Zot:5    | Entered Level 5 of the Realm of Zot
100028 | Zot:3    | Identified the +7 demon whip of Light {drain, rN+ Int+4}
100177 | Zot:3    | Identified the amulet of Tocsor {Faith rN+ MP+9 Str+3
                  | Dex+2}
100183 | Zot:3    | Identified the staff of air "Munuomn" {rElec Dex+2}
100461 | Zot:3    | Reached skill level 25 in Armour
102443 | Zot:4    | Noticed a dread lich
102454 | Zot:4    | Paralysed by a dread lich for 4 turns
102459 | Zot:4    | Killed a dread lich
103321 | Pan      | Entered Pandemonium
103750 | Pan      | Noticed Dof Juim the pandemonium lord
103775 | Pan      | Killed Dof Juim the pandemonium lord
104703 | Pan      | Reached XP level 27. HP: 191/271 MP: 34/34
105432 | Pan      | Got a demonic rune of Zot
105487 | Pan      | Found an exit through the horrors of the Abyss.
105984 | Pan      | Noticed Byistom the pandemonium lord
105994 | Pan      | The Shining One protects you from harm!
106056 | Pan      | Reached skill level 26 in Armour
106511 | Pan      | Noticed Yrphu the pandemonium lord
106515 | Pan      | Killed Yrphu the pandemonium lord
107578 | Pan      | Found a huge runed translucent gate.
107578 | Pan      | Found a huge runed translucent gate.
107578 | Pan      | Found a huge runed translucent gate.
107579 | Pan      | Found a huge runed translucent gate.
107579 | Pan      | Found a huge runed translucent gate.
107580 | Pan      | Found a huge runed translucent gate.
107581 | Pan      | Found a huge runed translucent gate.
107581 | Pan      | Found a huge runed translucent gate.
107583 | Pan      | Found a huge runed translucent gate.
107583 | Pan      | Found a huge runed translucent gate.
107583 | Pan      | Found a huge runed translucent gate.
107583 | Pan      | Found a huge runed translucent gate.
107584 | Pan      | Found a huge runed translucent gate.
107584 | Pan      | Found a huge runed translucent gate.
107584 | Pan      | Found a huge runed translucent gate.
107584 | Pan      | Found a huge runed translucent gate.
107585 | Pan      | Found a huge runed translucent gate.
107585 | Pan      | Found a huge runed translucent gate.
107585 | Pan      | Found a huge runed translucent gate.
107585 | Pan      | Found a huge runed translucent gate.
107585 | Pan      | Found a huge runed translucent gate.
107586 | Pan      | Noticed Lampolit the pandemonium lord
107922 | Pan      | Found an exit through the horrors of the Abyss.
108307 | Pan      | Noticed Deixeludu the pandemonium lord
108320 | Pan      | Killed Deixeludu the pandemonium lord
108404 | Pan      | Found a runed translucent door.
108405 | Pan      | Found a runed translucent door.
108409 | Pan      | Found a runed translucent door.
108417 | Pan      | Found a runed translucent door.
108429 | Pan      | Found an exit through the horrors of the Abyss.
109090 | Pan      | Noticed Sini the pandemonium lord
109099 | Pan      | Killed Sini the pandemonium lord
109196 | Pan      | Gained mutation: You have sharp toenails. [a cacodemon]
110048 | Pan      | Noticed Upriaqunu the pandemonium lord
110072 | Pan      | Killed Upriaqunu the pandemonium lord
110075 | Pan      | Gained mutation: You occasionally shout uncontrollably at
                  | your foes. [a cacodemon]
110264 | Pan      | Got the Reference Book on the Coruscating Bane
110523 | Pan      | Noticed Measemal the pandemonium lord
110533 | Pan      | Killed Measemal the pandemonium lord
110713 | Pan      | Identified the +7 falchion of the Abyss {venom, Dex+3 SInv}
111444 | Pan      | Gained mutation: You occasionally lose the ability to drink
                  | potions when taking damage. [a neqoxec]
111467 | Pan      | Noticed Odolel the pandemonium lord
111468 | Pan      | Identified the +0 tower shield of Parlour Games {rN++ MP+9
                  | Str+3}
111760 | Pan      | Killed Odolel the pandemonium lord
112574 | Pan      | Found an exit through the horrors of the Abyss.
113089 | Pan      | Gained mutation: You are very clumsy. (Dex -4) [a
                  | cacodemon]
113475 | Pan      | Noticed Jusk the pandemonium lord
113478 | Pan      | Identified the +7 tower shield of Afoit {rF+ Dex+3}
113492 | Pan      | Killed Jusk the pandemonium lord
115141 | Pan      | Identified the +1 long sword of Ruyfelex {heavy, rN+ Str+2
                  | Int-4}
115197 | Pan      | Found a glowing silver altar of Zin.
115356 | Pan      | Found a white marble altar of Elyvilon.
115496 | Depths:2 | Escaped Pandemonium
116049 | Zot:5    | Noticed an orb of fire
116053 | Zot:5    | Noticed an orb of fire
116059 | Zot:5    | Gained mutation: Your magical capacity is very low. (-20%
                  | MP) [an orb of fire]
116060 | Zot:5    | Noticed an ancient lich
116062 | Zot:5    | Gained mutation: You are frail. (-10% HP) [an orb of fire]
116063 | Zot:5    | Gained mutation: You are very dopey. (Int -4) [an orb of
                  | fire]
116121 | Zot:5    | Killed an ancient lich
116179 | Zot:5    | Gained mutation: Your body sometimes deteriorates upon
                  | taking damage. [an orb of fire]
116183 | Zot:5    | Lost mutation: Your magical capacity is very low. (-20% MP)
                  | [an orb of fire]
116189 | Zot:5    | Gained mutation: Your magical capacity is very low. (-20%
                  | MP) [an orb of fire]
116192 | Zot:5    | HP: 10/252 [red draconian/+0 war axe[a green draconian
                  | monk] (15)]
116195 | Zot:5    | fuck this shit... a teleport trap spontaneously manifest =
                  | assholery....
116197 | Zot:5    | Noticed an orb of fire
116197 | Zot:5    | Killed from afar by a purple draconian

Illustrated notes

,**** ****+********+** ,,,,*
#.,,...,,,,,,,******** ,,<,*
#..,...,,,,,,,+,,,,,,* ,,,,*
#..##..,***#,,*,,,,,,* *****
#..#.?#,*..#,,*,,,,,,*
#.....###..#,,*,,,,,,* ########**
#.........#*,,*,,,,,,* .......,,*
#......∩..#,,,*,,,,,,* ......,,,*
#...#@....#*,,#,,,,,,+ ....##*..*
#.....###..#,.#,,,,,,* ....[#...*
#.....#.#,,*..#,,,,,,* .........*
#...###.####..#,,,,,,* .<.......*
#.............#******* ††.......*
#.............# *
)###################'######******
............................,,,,,
............................,,,,,


Turn 65264 on Vaults:4: not going in this... tyvm ****** #▓▓▓▓▓▓▓▓▓▓▓ ,****
▓▓▓▓....... ,,,,*** **▓.........§ ,,,,,,** **,......k...§ ,,,,,,,* ▓▓▓▓▓▓▓▓▓
*,,........... ,,,,,,,**▓^.§....▓▓*,,........§..
,,,,,,,**.......^.▓▓,,.........^. ,,,^,,,*,..........▓.....§.....d.
,,,,,,,,,°z..0XX@X^XX.......^..q. ,,,,,,,*,.....^.X..▓X........Ldq.
,,,,,,,**^..^.....▓▓XXp.p9..dq.X. ,,,,,,,**▓.....^.▓▓▓...^p.kd..... ,,,,,,,*
▓▓▓▓▓▓▓▓▓ ▓.qXXydD~....[ ,,,,,,** *▓.X*XXX~..... ,,,,*** **▓X~*XXX.... ,****
▓▓▓▓k...... ** ▓▓▓▓▓▓▓▓ Turn 116195 on Zot:5: fuck this shit... a teleport trap
spontaneously manifest = assholery....

Levels and vault maps discovered:
D:1:      denvon_arrival_hothouse, layout_basic, serial_shops, shop_statue, shop
D:2:      layout_rooms, minmay_lizard_pond
D:3:      layout_rooms, mainiacjoe_overflow_tiny_flanked, basic_ecumenical_altar
D:4:      layout_loops_ring, overflow_temple_1_default, minmay_checkerbox
D:5:      layout_loops_ring, lemuel_tele_altar, tso_altar, glass_columns_a,
          uniq_eustachio
D:6:      due_chaos_kobolds, layout_layer_cave, lemuel_doored_altar,
          serial_shops, nicolae_shop_real_fake_doors,
          hellmonk_bongcloud_opening, chequers_avenue
D:7:      layout_loops_ring, mainiacjoe_overflow_alcove_4,
          minmay_temple_entry_waves, serial_shops, nicolae_shop_gaudy_bauble,
          nicolae_nh_ransacked_shop
D:8:      layout_gridville, trog_book, nicolae_titane
D:9:      layout_roguey, amcnicky_altar_gilded, erik_orc_1, uniq_joseph,
          uniq_amaemon
D:10:     layout_loops_cross, nzn_wu_jian_council_hall,
          mainiacjoe_overflow_24_doors, lair_entry_dummy, enter_bailey_2
D:11:     gammafunk_mikee_crab_dinner, layout_basic, minmay_fractal_squares_5,
          uniq_harold, uniq_snorg, uniq_erolcha, uniq_fannar
D:12:     layout_long_grid, bh_hangedman_babel_library, uniq_josephine
D:13:     cheibrodos_lost_city_excavation, layout_loops_ring, serial_shops,
          bzr_entry_road, uniq_azrael
D:14:     layout_roguey, erik_vaults_2
D:15:     gammafunk_enter_depths_forms, layout_basic, serial_shops,
          nicolae_shop_hallway_stairs, fedhas_altar_1, serial_nicolae_subway,
          nicolae_sub_station_crystal, nicolae_sub_station_stone,
          nicolae_sub_station_metal
Temple:   hc_temple_tempest_star
Lair:1:   layout_cave_pods, portal_ice_cave_entry_ice_simulacra, serial_rivers,
          chequers_serial_rivers_micro_c, chequers_serial_rivers_large_b,
          chequers_serial_rivers_room_b, chequers_serial_rivers_large_a,
          chequers_serial_rivers_small_3, lemuel_fruit_fields
Lair:2:   layout_regular_city, skrybe_swamp_entry_bodies, uniq_sonja
Lair:3:   layout_cave_shapes, dummy_spider_entry, enter_volcano_1
Lair:4:   layout_long_grid
Lair:5:   guppyfry_lair_end_dragon, layout_loops_ring, hangedman_lair_in_review,
          dpeg_slime_entry_corner, st_stairs_3
Swamp:1:  layout_basic_swamp, evilmike_swamp_ruin_house_6
Swamp:2:  nicolae_swamp_tree_isthmus, layout_basic_swamp, hangedman_swamp_cone,
          swamp_pool3, st_swamp_ruins_1
Swamp:3:  nicolae_swamp_ascending_descending, layout_basic_swamp,
          evilmike_swamp_ruin_house_3
Swamp:4:  swamp_pestilence, layout_basic_swamp
Spider:1: layout_spider_delve
Spider:2: layout_spider_delve, uniq_louise
Spider:3: layout_spider_delve, nicolae_spider_twisty_arc_passages
Spider:4: grunt_spider_rune_circles
Slime:1:  layout_caves
Slime:2:  layout_caves
Slime:3:  layout_caves, cheibrodos_slime_lost_civilization_6
Slime:4:  layout_caves
Slime:5
Orc:1:    layout_diamond_mine
Orc:2:    grunt_orc_gardens, layout_diamond_mine, grunt_orc_garden,
          grunt_orc_garden, grunt_orc_garden, grunt_orc_garden, mines2_lemuel,
          uniq_donald
Elf:1:    eino_elf_arrival_shootout, layout_geoelf_diagonals, serial_shops,
          shop, minivault_28, minmay_misc_feat_pillars,
          statue_in_the_mist_lemuel, grunt_megastairs_2, uniq_aizul
Elf:2:    nicolae_elf_blades_crystal_corner, layout_geoelf_octagon
Elf:3:    minmay_elf_hall_x, layout_rooms, kilobyte_rumbling_trees
Vaults:1: ontoclasm_vaults_idyll, v_rooms_2, nicolae_vaults_sesquioval_fish,
          v_misc_16, hangedman_vaults_snaps, v_misc_22, ontoclasm_vaults_idyll,
          nicolae_vaults_trapezoid_4, nicolae_vaults_angled_halls,
          nicolae_vaults_little_squares_4, vaults_room_boxed,
          nicolae_vaults_library_corner, vaults_room_semicircle,
          nicolae_vaults_six-pack, ontoclasm_vaults_pinch, layout_vaults_ring,
          serial_shops, nicolae_shop_mannequins
Vaults:2: nicolae_vaults_trapezoid_lopsided_3, nicolae_vaults_trapezoid_3,
          nicolae_vaults_prndl, minmay_crypt_entry_simple_walls, st_octagons_2,
          v_rooms_3, v_misc_2, v_misc_8, nicolae_vaults_layer_cake_slice,
          nicolae_vaults_closet_pinwheel_2, vaults_mumra_minichess_inversion,
          layout_vaults_maze_snakey, serial_shops, shop, uniq_zenata,
          uniq_frederick, uniq_mara
Vaults:3: nicolae_vaults_little_squares_1, nicolae_vaults_cornered_office,
          ontoclasm_vaults_misaligned, v_misc_12, nicolae_vaults_apartment_2,
          nicolae_vaults_little_squares_3, nicolae_vaults_trapezoid_3,
          nicolae_vaults_mini_display_case, nicolae_vaults_asterisk,
          layout_vaults_big_room, serial_shops, shop, uniq_nikola
Vaults:4: portal_desolation_entry_ruin, hangedman_vaults_nails,
          hangedman_vaults_corner, nicolae_vaults_windows_and_doors_thing,
          nicolae_vaults_halls_meeting, hangedman_vaults_nails,
          hangedman_vaults_stagger, hangedman_vaults_locks,
          nicolae_vaults_tetromino_Z_2, hangedman_vaults_impose,
          layout_vaults_omnibox, serial_shops, nicolae_shop_advertising_works
          [nicolae_subvault_shop_adworks]
Vaults:5
Crypt:1:  layout_regular_city, grunt_crypt_arrival_webbed
Crypt:2:  hangedman_screamer, layout_misc_corridors, evilmike_ambush
          [evilmike_ambush_outer_basic, evilmike_ambush_inner_basic]
Crypt:3:  church_of_pain_bobbens, layout_chaotic_city, tomb_entry_shell_bobbens
Tomb:1
Depths:1: layout_gridlike, enter_ziggurat_c, hell_entry, drop_trap,
          kennysheep_vampire_church
Depths:2: little_maze_vault, layout_gridville, serial_sigils_hangedman_shear,
          hell_entry, rand_demon_pan_entry_8, abyss_entry_crystal,
          nicolae_alphabet_shops, lemuel_freeze_loot_1,
          infiniplex_staircase_spiral
Depths:3: minmay_crystal_thing, layout_cave_pools, hell_entry, abyss_entry,
          skrybe_limestone_x, minmay_staircase_bubble, minmay_shoptagon,
          uniq_mennas
Depths:4: grunt_zot_entry_hairpin, layout_cave_pools,
          nicolae_abyss_entry_one_way_or_another, hell_entry,
          trog_three_pillars_becter, chequers_serial_rivers_marsh,
          dk_noncrumbling_4, minmay_fractal_squares_diagonal_5, uniq_josephina
Zot:1:    layout_basic, uniq_vv
Zot:2:    gammafunk_sealed_library, layout_cathedral_of_symmetry,
          grunt_megastairs_5
Zot:3:    minmay_elemental_castle, layout_cathedral_of_symmetry
Zot:4:    layout_onion, grunt_ministairs_10, st_stairs_1, lemuel_lich_library
Zot:5:    layout_misc_corridors, skrybe_zot_glass_1

Skill      XL: |  1  2  3  4  5  6  7  8  9 10 11 12 13 14 15 16 17 18 19 20 21 22 23 24 25 26 27 |
---------------+----------------------------------------------------------------------------------+-----
Maces & Flails | 2 3 5 7 8 10 12 13 14 15 16 17 19 21 | 21.5
Armour         | 6 8 9 11 13 15 17 18 19 20 21 22 24 25 26 | 26.3
Fighting       | 4 6 7 9 10 11 12 13 14 16 18 19 20 22 23 | 23.9
Shields        | 5 8 10 11 12 14 15 | 15.0
Invocations    | 4 6 8 9 11 12 13 14 15 16 18 20 21 24 | 24.7
Throwing       | 3 5 7 9 |  9.5
Evocations     | 4 6 8 9 10 12 | 12.3
Dodging        | 2 3 8 10 | 10.0
Stealth        | 5 9 13 15 | 15.0
Air Magic      | 3 |  3.6
Spellcasting   | 2 3 |  3.2

Action                     |  1- 3 |  4- 6 |  7- 9 | 10-12 | 13-15 | 16-18 | 19-21 | 22-24 | 25-27 || total
---------------------------+-------+-------+-------+-------+-------+-------+-------+-------+-------++-------
  Melee: Flail             |   127 |   136 |   312 |   528 |  1295 |  1445 |   833 |  1899 |   718 ||  7293
         Tailslap          |     9 |    23 |    60 |   125 |   293 |   393 |   465 |   608 |   726 ||  2702
         Sacred scourge    |       |       |       |       |       |       |   890 |   196 |  1817 ||  2903
         Headbutt          |       |       |       |       |       |       |       |   247 |  1027 ||  1274
         Kick              |       |       |       |       |       |       |       |       |   407 ||   407
         Morningstar       |       |       |       |       |       |       |       |       |   129 ||   129
  Throw: Dart              |       |       |    20 |    52 |    74 |     9 |     5 |     1 |       ||   161
         Boomerang         |       |       |     2 |     7 |    14 |    11 |       |    32 |     9 ||    75
         Throwing net      |       |       |       |       |     3 |       |     1 |       |       ||     4
 Invoke: Divine Shield     |       |       |     1 |     2 |     7 |     3 |     2 |       |       ||    15
         Summon Divine War |       |       |       |       |     4 |     6 |    10 |    19 |    37 ||    76
         Brand Weapon With |       |       |       |       |       |       |     1 |       |       ||     1
         Cleansing Flame   |       |       |       |       |       |       |       |       |     1 ||     1
  Evoke: Wand              |       |       |     8 |     9 |     7 |     7 |     9 |    12 |    61 ||   113
         Phial of floods   |       |       |       |       |     1 |       |       |       |     3 ||     4
         Lightning rod     |       |       |       |       |     5 |       |     2 |     5 |     2 ||    14
         Phantom mirror    |       |       |       |       |       |       |       |     2 |     1 ||     3
    Use: Scroll            |       |     2 |     4 |    29 |    12 |     8 |    16 |    24 |    27 ||   122
         Potion            |       |     1 |     3 |    10 |     4 |     3 |     4 |    12 |    35 ||    72
   Stab: Invisible         |       |       |     1 |       |       |       |       |       |       ||     1
 Armour: Scale mail        |    58 |    55 |   102 |   157 |   108 |       |       |       |       ||   480
         Skin              |       |       |     3 |       |       |       |       |       |       ||     3
         Troll leather arm |       |       |       |       |    26 |       |       |       |       ||    26
         Leather armour    |       |       |       |       |     4 |       |       |       |       ||     4
         Plate armour      |       |       |       |       |   347 |   662 |   556 |   847 |  1020 ||  3432
         Ring mail         |       |       |       |       |    18 |       |       |       |       ||    18
  Dodge: Dodged            |    48 |    51 |    90 |   133 |   461 |   388 |   222 |   353 |   482 ||  2228
         Repelled          |       |       |       |       |       |     1 |     4 |     1 |       ||     6
  Block: Buckler           |    30 |    28 |    63 |   177 |   642 |       |       |       |       ||   940
         Reflection        |       |       |       |     3 |     9 |    23 |    30 |    88 |    42 ||   195
         Kite shield       |       |       |       |       |    75 |  1311 |  1344 |  1840 |  1915 ||  6485
